 Dungeon Crawl Stone Soup version 0.30-a0-458-g86641cc369 (webtiles) character file.

Game seed: 2154868983620889828

358 flotson the Sneak (level 6, -5/48 HPs)
             Began as a Demonspawn Delver on Dec 14, 2022.
             Slain by an ogre
             ... wielding a +0 giant spiked club
              (21 damage)
             ... on level 5 of the Dungeon.
             The game lasted 00:07:52 (3891 turns).

flotson the Sneak (Demonspawn Delver)               Turns: 3891, Time: 00:07:52

Health: -5/48      AC: 13    Str: 14    XL:     6   Next: 37%
Magic:  0/6        EV:  2    Int: 11    God:
Gold:   169        SH: 18    Dex: 15    Spells: 5/5 levels left

rFire   . . .      SeeInvis .    l - +0 morningstar
rCold   . . .      Faith    .    n - +2 tower shield
rNeg    . . .      Spirit   +    j - +3 chain mail {rPois}
rPois   +          Reflect  .    (helmet restricted)
rElec   .          Harm     .    (no cloak)
rCorr   .          Rampage  .    (no gloves)
Will    .....                    (no boots)
Stlth   ..........               t - amulet of guardian spirit
HPRegen 0.28/turn                (no ring)
MPRegen 0.10/turn                (no ring)

@: no status effects
A: antennae 1, molten scales 1, condensation shield, demonic magic 1
a: no special abilities


You were on level 5 of the Dungeon.
You visited 1 branch of the dungeon, and saw 5 of its levels.

You collected 233 gold pieces.
You spent 64 gold pieces at shops.

Inventory:

Hand Weapons
 l - a +0 morningstar (weapon)
Missiles
 o - 16 boomerangs (quivered)
Armour
 j - a +3 chain mail of poison resistance (worn)
 n - a +2 tower shield (worn)
Jewellery
 t - an amulet of guardian spirit (around neck)
 u - a ring of magical power
 y - a +6 ring of strength
 A - an amulet of regeneration
Wands
 g - a wand of digging (2)
Scrolls
 b - 3 scrolls of identify
 c - 3 scrolls of fog
 d - 3 scrolls of teleportation
 e - a scroll of fear
 i - a scroll of silence {unknown}
 w - a scroll of magic mapping
Potions
 a - 2 potions of mutation {unknown}
 f - a potion of haste
 h - a potion of ambrosia {unknown}
 k - 3 potions of flight {unknown}
 m - 3 potions of degeneration {unknown}
 p - 3 potions of heal wounds {unknown}
 q - a potion of magic {unknown}
 r - 2 potions of cancellation {unknown}
 s - a potion of invisibility
 v - 2 potions of curing {unknown}
 x - a potion of attraction {unknown}
 z - a potion of brilliance {unknown}
 B - a potion of lignification {unknown}


   Skills:
 + Level 4.0 Fighting
 + Level 2.2 Axes
 + Level 1.8 Throwing
 + Level 1.9 Armour
 + Level 2.7 Dodging
 - Level 5.0 Stealth
 + Level 1.6 Shields
 + Level 2.1 Evocations


You had 5 spell levels left.
You didn't know any spells.
Your spell library contained the following spells:

 Spells                   Type           Power      Damage    Failure   Level
 Magic Dart               Conj           0%         1d3       100%        1
 Searing Ray              Conj           0%         2d4       100%        2
 Gell's Gravitas          Tloc           0%         N/A       100%        3
 Lesser Beckoning         Tloc           0%         N/A       100%        3
 Teleport Other           Tloc           0%         N/A       100%        3
 Fulminant Prism          Conj/Hex       0%         3d5       100%        4


Dungeon Overview and Level Annotations

Branches:
Dungeon (5/15)
 Temple: D:4-7

Altars:

Shops:
D:1 ?:([   D:4 ?

Annotations:
D:4 Grinder


Innate Abilities, Weirdness & Mutations

You have a pair of small antennae on your head.
You are partially covered in molten scales. (AC +2)
A meltable shield of frost defends you. (SH +4)
Spells you cast may paralyse adjacent enemies.


Message History

You kill the ogre!
Your Fighting skill increases to level 4!
Your Evocations skill increases to level 2!
Unknown command.
No target in view!
Unknown command.
There is an open door, spattered with blood here.
You see here a +0 giant spiked club.
Found an escape hatch in the floor.
There is an open door, spattered with blood here.
You see here a +0 giant spiked club.
Found a ring mail.
Found a stone staircase leading up.
B - an amethyst potion An ogre comes into view.
It is wielding a +0 giant spiked club.
The ogre shouts!
Throw: 16 boomerangs
Press: ? - help, Q - select action Shift-Dir - straight line, f - ogre
Aim: an ogre, wielding a +0 giant spiked club (75% to hit)
You throw a boomerang.
The boomerang hits the ogre but does no damage.
The ogre hits you with a +0 giant spiked club!
You hit the ogre but do no damage. You block the ogre's attack.
Unknown command.
You puncture the ogre!
The ogre is heavily wounded.
You block the ogre's attack.
Unknown command.
You sock the ogre!
The ogre is severely wounded.
The ogre hits you with a +0 giant spiked club!!
Unknown command.
You are too injured to fight recklessly!
Unknown command.
You are too injured to fight recklessly!
You closely miss the ogre.
The ogre is severely wounded.
You block the ogre's attack.
The ogre hits you with a +0 giant spiked club!!
You die...

##########
#........#
#.######.#
#.....@..#
####..####O.#
#.....# ......#
#.....##.#..#....
###........#..#
...
#........###..#
..
#.#...........# .
#.###.#......## #
#..#.#####


You could see an ogre.

Vanquished Creatures
  An ogre (D:5)
  A phantom (D:4)
  A jelly (D:5)
  A hound (D:4)
  Terence (D:2)
  Robin (D:3)
  2 adders
  4 worms
  An orc (D:3)
  5 bats (D:1)
  3 endoplasms
  4 giant cockroaches
  12 goblins
  7 hobgoblins
  8 jackals (D:2)
  A quokka (D:3)
  5 ball pythons
  6 frilled lizards
  10 kobolds
  3 rats
77 creatures vanquished.

Notes
Turn   | Place    | Note
-------+----------+-------------------------------------------
     0 | D:5      | flotson the Demonspawn Delver began the quest for the Orb.
     0 | D:5      | Reached XP level 1. HP: 18/18 MP: 1/1
   328 | D:2      | Noticed Terence
   361 | D:1      | Gained mutation: You are partially covered in molten
                  | scales. (AC +2) [demonic ancestry]
   361 | D:1      | Reached XP level 2. HP: 24/24 MP: 2/2
   373 | D:1      | Found Qisous's Armour Shop.
   513 | D:1      | Found Gaytafy's Magic Scroll Emporium.
   521 | D:1      | Bought a scroll of teleportation for 30 gold pieces
   521 | D:1      | Bought a scroll of noise for 10 gold pieces
   813 | D:1      | Found Koixoj's Book Shop.
   841 | D:1      | Found Nyghiuwu's Weapon Shop.
  1139 | D:2      | Gained mutation: You have a pair of small antennae on your
                  | head. [demonic ancestry]
  1139 | D:2      | Reached XP level 3. HP: 29/29 MP: 3/3
  1330 | D:2      | Killed Terence
  1331 | D:2      | Reached skill level 1 in Armour
  1331 | D:2      | Reached skill level 1 in Evocations
  1768 | D:2      | Reached skill level 1 in Throwing
  1770 | D:2      | Gained mutation: Spells you cast may paralyse adjacent
                  | enemies. [demonic ancestry]
  1770 | D:2      | Reached XP level 4. HP: 34/35 MP: 4/4
  1803 | D:2      | Found a faded altar of an unknown god.
  2011 | D:3      | Noticed Robin
  2212 | D:3      | Killed Robin
  2789 | D:4      | Reached skill level 1 in Shields
  2796 | D:4      | Noticed a phantom
  2817 | D:4      | Killed a phantom
  2818 | D:4      | Reached XP level 5. HP: 41/42 MP: 3/5
  2974 | D:4      | Reached skill level 5 in Stealth
  2990 | D:4      | Noticed Grinder
  3031 | D:4      | Paralysed by Grinder for 4 turns
  3036 | D:4      | Paralysed by Grinder for 5 turns
  3538 | D:4      | Found Raddyi's Magic Scroll Shoppe.
  3546 | D:4      | Bought a scroll of identify for 24 gold pieces
  3734 | D:5      | Gained mutation: A meltable shield of frost defends you.
                  | (SH +4) [demonic ancestry]
  3734 | D:5      | Reached XP level 6. HP: 48/48 MP: 6/6
  3891 | D:5      | Slain by an ogre

Illustrated notes

Levels and vault maps discovered:
D:1:      dpeg_arrival_tiny_d, layout_loops_ring, serial_shops, shop,
          shop_fountains, nicolae_shop_bloodbath_and_beyond,
          nicolae_diamond_shop, palyth_stone_intersect, item_on_display_a
D:2:      layout_basic, shapermc_ecumenical_altar_hornbeckon, uniq_terence
D:3:      layout_loops_ring, nicolae_elevator_lobby_plus, uniq_robin
D:4:      layout_basic, serial_shops,
          nicolae_shop_temple_entry_statues_fountains, uniq_grinder
D:5:      layout_loops_corners, gup_sewer_entry_bubbles

Skill      XL: |  1  2  3  4  5  6 |
---------------+-------------------+-----
Dodging        | 2 |  2.7
Armour         | 1 |  1.9
Evocations     | 1 2 |  2.1
Throwing       | 1 |  1.8
Shields        | 1 |  1.6
Stealth        | 5 |  5.0
Axes           | 2 |  2.2
Fighting       | 4 |  4.0

Action                   |  1- 3 |  4- 6 || total
-------------------------+-------+-------++-------
Melee: Morningstar       |   136 |   205 ||   341
       Rapier            |     2 |       ||     2
Throw: Boomerang         |       |    10 ||    10
Evoke: Wand              |     1 |       ||     1
  Use: Scroll            |     1 |       ||     1
 Stab: Sleeping          |     2 |       ||     2
Armor: Leather armour    |    45 |       ||    45
       Ring mail         |    35 |       ||    35
       Chain mail        |    16 |   186 ||   202
Dodge: Dodged            |    81 |    24 ||   105
Block: Tower shield      |    95 |   211 ||   306

Table legend: (Time is in decaauts)
 A = Elapsed time spent in this place.
 B = Non-inter-level travel time spent in this place.
 C = Inter-level travel time spent in this place.
 D = Time resting spent in this place.
 E = Time spent auto-exploring this place.
 F = Levels seen in this place.
 G = Mean time per level.
                   A        B        C        D        E       F      G
               +--------+--------+--------+--------+--------+-----+--------+
         Total |   4184 |   4049 |    135 |    158 |   2693 |   5 |  836.8 |
       Dungeon |   4184 |   4049 |    135 |    158 |   2693 |   5 |  836.8 |
               +--------+--------+--------+--------+--------+-----+--------+

Top non-repeatable levels by time:
     D:4: 1037 daAuts
     D:2: 1027 daAuts
     D:3: 977 daAuts
     D:1: 848 daAuts
     D:5: 293 daAuts
